 Dungeon Crawl Stone Soup version 0.19.3-1-g3169bf9 (webtiles) character file.

147 Alarkh the Chopper (level 5, 41/41 HPs)
             Began as a Demonspawn Monk on Jan 26, 2017.
             Was a Believer of Okawaru.
             Quit the game on level 3 of the Dungeon.
             The game lasted 00:02:32 (3056 turns).

Alarkh the Chopper (Demonspawn Monk)                Turns: 3056, Time: 00:02:33

Health: 41/41      AC:  2    Str: 12    XL:     5   Next: 7%
Magic:  5/5        EV: 13    Int: 12    God:    Okawaru [**....]
Gold:   81         SH:  0    Dex: 15    Spells: 0 memorised, 4 levels left

rFire  . . .     SeeInvis .     a - +0 hand axe
rCold  . . .     Gourm    .     b - +0 robe
rNeg   . . .     Faith    .     (no shield)
rPois  .         Spirit   .     (no helmet)
rElec  .         Reflect  .     (no cloak)
rCorr  .         Harm     .     (no gloves)
MR     .....                    (no boots)
Stlth  ++........               (no amulet)
                                (no ring)
                                (no ring)

@: no status effects
A: hooves 1, demonic guardian 1, rot immunity
a: Heroism, Renounce Religion


You were on level 3 of the Dungeon.
You worshipped Okawaru.
Okawaru was pleased with you.
You were not hungry.

You visited 1 branch of the dungeon, and saw 3 of its levels.

You collected 81 gold pieces.

Inventory:

Hand Weapons
 a - a +0 hand axe (weapon)
Missiles
 h - 2 throwing nets (quivered)
Armour
 b - a +0 robe (worn)
Scrolls
 i - a scroll of enchant armour {unknown}
 l - a scroll of noise {unknown}
 m - a scroll of immolation {unknown}
 n - a scroll of fog {unknown}
Potions
 d - a potion of agility
 e - a potion of haste {unknown}
 k - a potion of lignification {unknown}
 o - a potion of resistance {unknown}
 q - a potion of brilliance {unknown}
 r - 2 potions of mutation {unknown}
Comestibles
 c - a bread ration
 f - a meat ration
 g - 2 royal jellies
 p - 5 fruits


   Skills:
 - Level 3.0 Fighting
 + Level 5.3 Axes
 - Level 2.6 Dodging
 - Level 1.7 Stealth


You had 4 spell levels left.
You didn't know any spells.

Dungeon Overview and Level Annotations

Branches:
Dungeon (3/15)

Altars:
Okawaru


Innate Abilities, Weirdness & Mutations

You have large cloven feet.
A weak demonic guardian rushes to your aid.
You are immune to rotting.


Message History

You are too injured to fight recklessly!
You are too injured to fight recklessly!
You are too injured to fight recklessly!
You hit the worker ant zombie but do no damage.
The worker ant zombie is almost destroyed.
The worker ant zombie bites you.
You hit the worker ant zombie.
The worker ant zombie is almost destroyed.
The worker ant zombie completely misses you.
You slash the worker ant zombie!
You destroy the worker ant zombie!
Okawaru accepts your kill.
You have reached level 5!
Your demonic ancestry asserts itself...
You feel immune to rotting.
You start resting.
All of the chunks of flesh in your inventory have rotted away.
HP restored.
A leopard gecko comes into view.
Are you sure you want to abandon this character and quit the game? (Confirm with "yes".)

#### ##@.#
#####
#####.##.#
....###
#....#.#
.# #.....#
#.#####.#
l# #.###.#
#.# .# ..
..# #.#
#.# # ##
..###.###
#.#
#.......#
#.#
..#####.#
#.#


You could see a leopard gecko.

Vanquished Creatures
  A worker ant zombie (D:3)
  6 adders
  2 oozes
  A worm (D:2)
  A dart slug (D:1)
  2 leopard geckos (D:1)
  A bat zombie (D:1)
  3 giant cockroaches
  9 goblins
  8 hobgoblins
  3 jackals (D:2)
  6 kobolds
  A quokka (D:2)
  9 bats
  2 frilled lizards (D:2)
  A quokka zombie (D:1)
  12 rats
68 creatures vanquished.

Notes
Turn   | Place    | Note
-------+----------+-------------------------------------------
     0 | D:1      | Alarkh the Demonspawn Monk began the quest for the Orb.
     0 | D:1      | Reached XP level 1. HP: 18/18 MP: 1/1
   112 | D:1      | Reached skill level 3 in Axes
   112 | D:1      | Gained mutation: You have large cloven feet. [demonic ancestry]
   112 | D:1      | Reached XP level 2. HP: 23/24 MP: 2/2
   377 | D:1      | Gained mutation: A weak demonic guardian rushes to your aid. [demonic ancestry]
   377 | D:1      | Reached XP level 3. HP: 16/29 MP: 3/3
  1007 | D:1      | Reached skill level 4 in Axes
  1368 | D:2      | Reached XP level 4. HP: 6/35 MP: 4/4
  2038 | D:2      | Reached skill level 5 in Axes
  2356 | D:2      | Found an iron altar of Okawaru.
  2619 | D:2      | Became a worshipper of Warmaster Okawaru
  2619 | D:2      | Reached * piety under Okawaru
  2619 | D:2      | Reached ** piety under Okawaru
  2854 | D:3      | Gained mutation: You are immune to rotting. [demonic ancestry]
  2854 | D:3      | Reached XP level 5. HP: 18/41 MP: 5/5
  3056 | D:3      | Quit the game

Skill      XL: |  1  2  3  4 |
---------------+-------------+-----
Axes           | 3 4 5 |  5.3
Fighting       | |  3.0
Dodging        | |  2.6
Stealth        | |  1.7

Action                   |  1- 3 |  4- 6 || total
-------------------------+-------+-------++-------
Melee: Hand axe          |   145 |   137 ||   282
       Kick              |    31 |    29 ||    60
  Use: Potion            |     1 |     2 ||     3
 Stab: Sleeping          |     3 |     5 ||     8
  Eat: Chunk             |     2 |     5 ||     7
Armor: Robe              |    18 |    31 ||    49
Dodge: Dodged            |   120 |   114 ||   234
